[Event "Titled Tuesday Blitz June 20 Late 2023"]
[White "Manukyan, Sargis A."]
[Black "Grischuk, Alexander"]
[WhiteFideId "13303970"]
[BlackFideId "4126025"]
[WhiteElo "2187"]
[BlackElo "2721"]
[Result "0-1"]
[Round "4"]
[TimeControl "180+2"]
[Date "2023.06.20"]
[WhiteClock "0:00:02"]
[BlackClock "0:00:21"]
[Board "32"]

1. d4 e6 2. c4 b6 3. Nc3 Bb7 4. e4 Bb4 5. Bd3 f5 6. Qc2 Nf6 7. f3 Nc6 8. Ne2 fxe4 9. fxe4 e5 10. d5 Nd4 11. Nxd4 exd4 12. e5 dxc3 13. bxc3 Bc5 14. Bg6+ hxg6 15. Qxg6+ Kf8 16. Rf1 Qe7 17. Bf4 Bd6 18. Kd2 Bxe5 19. Bxe5 Qxe5 20. Rae1 Rh6 21. Qd3 Qg5+ 22. Kc2 Kg8 23. Re2 Rf8 24. Rfe1 Qg6 25. Re4 Nxe4 26. Rxe4 d6 27. Kb3 Bc8 28. g4 Bxg4 0-1


[Site "https://www.chess.com"]

[Event "Titled Tuesday Blitz June 20 Late 2023"]
[White "Sadhwani, Raunak"]
[Black "Schnaider, Ilan"]
[WhiteFideId "35093487"]
[BlackFideId "169013"]
[WhiteElo "2631"]
[BlackElo "2224"]
[Result "0-1"]
[Round "4"]
[TimeControl "180+2"]
[Date "2023.06.20"]
[WhiteClock "0:00:00"]
[BlackClock "0:00:03"]
[Board "34"]

1. Nc3 Nf6 2. Nf3 d5 3. d4 g6 4. Bf4 a6 5. e3 Bg7 6. Ne5 O-O 7. h4 Nc6 8. Nxc6 bxc6 9. Be5 Rb8 10. b3 Bf5 11. h5 gxh5 12. Be2 Bg6 13. Bf3 Qd7 14. Ne2 Qf5 15. Rc1 Ne4 16. Bxg7 Kxg7 17. Nf4 Nc3 18. Qd2 Nxa2 19. Nxh5+ Kh8 20. Ng3 Qg5 21. Ra1 Nb4 22. Bd1 e5 23. Ra4 c5 24. dxc5 Nc6 25. Rah4 d4 26. e4 Qxd2+ 27. Kxd2 Kg7 28. Be2 a5 29. Nh5+ Bxh5 30. Rxh5 Rh8 31. Bc4 f6 32. R1h3 Ne7 33. f4 exf4 34. Rh1 Ng6 35. Rd5 Ne5 36. Bd3 Rhd8 37. Ra1 c6 38. Rxd8 Rxd8 39. Rxa5 h5 40. Ra1 Kg6 41. Be2 Kg5 42. b4 Rb8 43. Rb1 Ng6 44. b5 cxb5 45. Rxb5 Rxb5 46. Bxb5 h4 47. c6 f3 48. gxf3 h3 49. c7 Ne7 50. Bf1 h2 51. Bg2 Kf4 52. Bh1 Kg3 53. Ke2 Nc8 54. Ke1 Ne7 55. Kf1 Nc8 56. Ke2 Ne7 57. f4 Kxf4 58. Kd3 Ke5 59. Kc4 Nc8 60. Kc5 Ke6 61. Kc6 Ke7 62. Bg2 Nd6 63. Bf3 Nc8 64. Kb7 Nd6+ 65. Kb8 Kd7 66. Bg2 Nc8 67. Bh3+ Kc6 68. Bxc8 h1=Q 69. Bb7+ Kb6 70. c8=Q Qh2+ 71. Ka8 Qd6 0-1


[Site "https://www.chess.com"]

[Event "Titled Tuesday Blitz June 20 Late 2023"]
[White "Andreikin, Dmitry"]
[Black "Vlassov, Nikolai"]
[WhiteFideId "4158814"]
[BlackFideId "4103360"]
[WhiteElo "2736"]
[BlackElo "2324"]
[Result "1-0"]
[Round "4"]
[TimeControl "180+2"]
[Date "2023.06.20"]
[WhiteClock "0:01:27"]
[BlackClock "0:00:32"]
[Board "35"]

1. e4 Nc6 2. Na3 Nf6 3. d3 d5 4. exd5 Qxd5 5. Nf3 Bg4 6. Be2 e5 7. O-O O-O-O 8. c4 Qd7 9. Be3 Bxf3 10. Bxf3 Qxd3 11. Qa4 Nd4 12. Bxd4 Rxd4 13. Rad1 Qf5 14. Qxa7 Bxa3 15. bxa3 Rhd8 16. Bxb7+ Kd7 17. Rxd4+ exd4 18. Qxd4+ Ke7 19. Re1+ Qe6 20. Rxe6+ fxe6 21. Qc5+ 1-0


[Site "https://www.chess.com"]

[Event "Titled Tuesday Blitz June 20 Late 2023"]
[White "Zhigalko, Sergei"]
[Black "Moral Garcia, Serafin"]
[WhiteFideId "13502956"]
[BlackFideId "2201925"]
[WhiteElo "2626"]
[BlackElo "2274"]
[Result "1-0"]
[Round "4"]
[TimeControl "180+2"]
[Date "2023.06.20"]
[WhiteClock "0:01:39"]
[BlackClock "0:00:26"]
[Board "36"]

1. e4 e5 2. Nf3 Nf6 3. Nxe5 d6 4. Nf3 Nxe4 5. Nc3 Nxc3 6. dxc3 Be7 7. Be3 O-O 8. Qd2 Nd7 9. O-O-O Re8 10. Bd3 Nf6 11. Kb1 d5 12. Rhe1 c6 13. h3 Bd6 14. Bg5 Be6 15. Nd4 h6 16. Bh4 c5 17. Nxe6 Rxe6 18. Rxe6 fxe6 19. Re1 Qd7 20. Bxf6 gxf6 21. Qxh6 Rf8 22. Rxe6 1-0


[Site "https://www.chess.com"]

[Event "Titled Tuesday Blitz June 20 Late 2023"]
[White "Ingebretsen, Jens E"]
[Black "Indjic, Aleksandar"]
[WhiteFideId "1522965"]
[BlackFideId "911925"]
[WhiteElo "2213"]
[BlackElo "2614"]
[Result "1-0"]
[Round "4"]
[TimeControl "180+2"]
[Date "2023.06.20"]
[WhiteClock "0:00:06"]
[BlackClock "0:00:00"]
[Board "37"]

1. e4 c5 2. Ne2 d6 3. g3 g6 4. Bg2 Bg7 5. O-O Nc6 6. c3 e5 7. Na3 Nge7 8. Nc4 Be6 9. d3 d5 10. exd5 Bxd5 11. Be3 Bxg2 12. Kxg2 b5 13. Na3 a6 14. Kg1 Qd6 15. Nc1 Nd5 16. Bd2 O-O 17. Nb3 Nc7 18. Be3 Ne6 19. Qe2 Rfe8 20. Rfd1 Ned4 21. cxd4 exd4 22. Bf4 Qd5 23. Qf1 g5 24. Bd2 Ne5 25. Qg2 Nf3+ 26. Kh1 g4 27. Bf4 Re2 28. Rac1 Rae8 29. Rf1 Bf8 30. Nb1 a5 31. N3d2 R8e6 32. Nxf3 gxf3 33. Qh3 Rxb2 34. Nd2 Rxa2 35. Ne4 Rg6 36. Nxc5 f5 37. Nb7 Re2 38. Nxa5 Qe6 39. Nc6 Qd5 40. Ne5 Rxe5 41. Bxe5 Qxe5 42. Rce1 Qc5 43. Re8 Kf7 44. Qxh7+ Bg7 45. Qg8+ Kf6 46. Qe6+ Kg5 47. Qe7+ Bf6 48. h4+ Kg4 49. Qxc5 Kh3 50. Qd5 Rg4 51. Qxf3 1-0


[Site "https://www.chess.com"]

[Event "Titled Tuesday Blitz June 20 Late 2023"]
[White "Steinberg, Nitzan"]
[Black "Gubajdullin, Alexei"]
[WhiteFideId "2801795"]
[BlackFideId "4141202"]
[WhiteElo "2486"]
[BlackElo "2279"]
[Result "1-0"]
[Round "4"]
[TimeControl "180+2"]
[Date "2023.06.20"]
[WhiteClock "0:01:52"]
[BlackClock "0:00:02"]
[Board "38"]

1. Nf3 Nf6 2. g3 d5 3. Bg2 c6 4. O-O Bf5 5. d3 e6 6. Nbd2 h6 7. Qe1 Be7 8. e4 Bh7 9. Qe2 O-O 10. Re1 Na6 11. a3 Nc5 12. e5 Nfd7 13. Nf1 a5 14. h4 Re8 15. N1h2 Nf8 16. Ng4 Ncd7 17. h5 Kh8 18. Bf4 Bf5 19. Nd4 Bh7 20. Qd2 f5 21. exf6 Bxf6 22. Ne5 Nxe5 23. Bxe5 Nd7 24. Nf3 Nxe5 25. Nxe5 Re7 26. Re2 Qb6 27. c3 Qb5 28. d4 Bg5 29. f4 Bf6 30. Rae1 Rae8 31. Ng4 Bf5 32. Bf3 Qd3 33. Qxd3 Bxd3 34. Re3 Bf5 35. Nf2 b6 36. Bg4 c5 37. Bxf5 exf5 38. Rxe7 Rxe7 39. Rxe7 Bxe7 40. Nd3 Kg8 41. a4 Kf7 42. Kf2 Ke6 43. Ke3 Bd6 44. Ne1 c4 45. Nf3 Bc7 46. Nh4 Bd6 47. Kf3 Be7 48. Ng6 Bd6 49. g4 fxg4+ 50. Kxg4 Kf6 51. Nh4 Bf8 52. Nf5 Ke6 53. Ne3 Bd6 54. f5+ Kf7 55. Nxd5 Bh2 56. Nxb6 1-0


[Site "https://www.chess.com"]

[Event "Titled Tuesday Blitz June 20 Late 2023"]
[White "Ibarra Jerez, Jose Carlos"]
[Black "Isajevsky, Anton"]
[WhiteFideId "2226332"]
[BlackFideId "4142500"]
[WhiteElo "2631"]
[BlackElo "2510"]
[Result "1-0"]
[Round "4"]
[TimeControl "180+2"]
[Date "2023.06.20"]
[WhiteClock "0:01:20"]
[BlackClock "0:00:05"]
[Board "39"]

1. e4 e6 2. d4 d5 3. Nc3 dxe4 4. Nxe4 Bd7 5. Nf3 Bc6 6. Neg5 Nd7 7. Nxf7 Kxf7 8. Ng5+ Ke8 9. Bc4 Qf6 10. O-O Bd5 11. Bxd5 exd5 12. Re1+ Be7 13. Ne6 Rc8 14. Qg4 h5 15. Nxg7+ Kd8 16. Ne6+ Ke8 17. Qg3 Bd6 18. Qh3 Ne7 19. Bg5 Qg6 20. Re3 Rh7 21. Rae1 Nb6 22. f4 Nc4 23. f5 Qxf5 24. Ng7+ Rxg7 25. Qxf5 Nxe3 26. Rxe3 1-0


[Site "https://www.chess.com"]

[Event "Titled Tuesday Blitz June 20 Late 2023"]
[White "Mendez Fortes, Eduardo Jesus"]
[Black "Corrales Jimenez, Fidel"]
[WhiteFideId "3502376"]
[BlackFideId "3506690"]
[WhiteElo "2307"]
[BlackElo "2511"]
[Result "0-1"]
[Round "4"]
[TimeControl "180+2"]
[Date "2023.06.20"]
[WhiteClock "0:00:46"]
[BlackClock "0:01:36"]
[Board "40"]

1. e4 c6 2. d4 d5 3. e5 Bf5 4. Nf3 e6 5. Be2 h6 6. Nbd2 Nd7 7. O-O Ne7 8. Nb3 a6 9. a4 Rc8 10. a5 g5 11. Re1 Bg7 12. Nfd2 c5 13. dxc5 Nxc5 14. Nxc5 Rxc5 15. c3 Rxa5 16. Rxa5 Qxa5 17. Bf1 Nc6 18. Nf3 Be4 19. Nd4 Nxe5 20. b4 Qc7 21. f3 Bg6 22. f4 gxf4 23. Bxf4 Be4 24. Re3 Qb6 25. Qh5 Ng6 26. Kh1 Nxf4 0-1


[Site "https://www.chess.com"]

[Event "Titled Tuesday Blitz June 20 Late 2023"]
[White "Storme, Isak"]
[Black "Holt, Conrad"]
[WhiteFideId "1728113"]
[BlackFideId "2034387"]
[WhiteElo "2327"]
[BlackElo "2592"]
[Result "0-1"]
[Round "4"]
[TimeControl "180+2"]
[Date "2023.06.20"]
[WhiteClock "0:00:07"]
[BlackClock "0:00:14"]
[Board "41"]

1. e4 e6 2. d4 d5 3. Nd2 c5 4. Ngf3 cxd4 5. Nxd4 Nf6 6. exd5 Nxd5 7. N2f3 Bb4+ 8. c3 Nxc3 9. bxc3 Bxc3+ 10. Bd2 Bxd4 11. Bb5+ Nc6 12. Bb4 Bxa1 13. Qxa1 Bd7 14. Bxc6 f6 15. Bxd7+ Qxd7 16. O-O Rd8 17. Re1 Kf7 18. a4 Rhe8 19. Bc3 b6 20. h3 Kg8 21. a5 Rc8 22. axb6 axb6 23. Qb2 b5 24. Nd4 Rc5 25. Rb1 Rb8 26. Bb4 Rd5 27. Nf3 e5 28. Kh2 Qf7 29. Rc1 h6 30. Qc2 Rbd8 31. Nh4 Rd4 32. Ba3 Rxh4 33. g3 Rc4 34. Qb2 Rxc1 35. Qxc1 Qd5 36. Qc5 Qxc5 37. Bxc5 Rc8 38. Bb4 Rc4 39. Be1 b4 0-1


[Site "https://www.chess.com"]

[Event "Titled Tuesday Blitz June 20 Late 2023"]
[White "Perez, Maximiliano"]
[Black "Baskakov, Egor"]
[WhiteFideId "117234"]
[BlackFideId "24197866"]
[WhiteElo "2334"]
[BlackElo "2225"]
[Result "0-1"]
[Round "4"]
[TimeControl "180+2"]
[Date "2023.06.20"]
[WhiteClock "0:00:00"]
[BlackClock "0:00:29"]
[Board "42"]

1. e4 c5 2. Nf3 Nf6 3. e5 Nd5 4. Nc3 e6 5. Nxd5 exd5 6. c4 d4 7. Bd3 d6 8. O-O Nc6 9. Re1 Be7 10. exd6 Qxd6 11. Be4 O-O 12. d3 h6 13. Bxc6 bxc6 14. h3 Bf5 15. Bf4 Qxf4 16. Rxe7 Rfe8 17. Re2 Rab8 18. b3 Kf8 19. g3 Qd6 20. Kg2 Qf6 21. g4 Rxe2 22. Qxe2 Re8 23. Qd2 Bd7 24. Re1 g5 25. Rxe8+ Bxe8 26. Qa5 Qe7 27. a3 f6 28. b4 cxb4 29. axb4 Bg6 30. Nxd4 Bxd3 31. Qa1 Bxc4 32. Nf5 Bd5+ 33. Kg1 Qe6 34. Nxh6 Qe4 35. Qxf6+ Ke8 36. Qh8+ Kd7 37. Kf1 Bc4+ 38. Kg1 Qe1+ 39. Kg2 Bd5+ 40. f3 Qe2+ 41. Kg1 Qxf3 42. Qg7+ Kc8 43. Qh8+ Kb7 44. Qg7+ Kb6 45. Qd4+ Kb5 46. Qc5+ Ka4 47. Qa5+ Kb3 0-1


[Site "https://www.chess.com"]

[Event "Titled Tuesday Blitz June 20 Late 2023"]
[White "Sharan, Rao"]
[Black "Ghazarian, Kirk"]
[WhiteFideId "5073464"]
[BlackFideId "30908604"]
[WhiteElo "2149"]
[BlackElo "2346"]
[Result "1-0"]
[Round "4"]
[TimeControl "180+2"]
[Date "2023.06.20"]
[WhiteClock "0:00:05"]
[BlackClock "0:00:00"]
[Board "43"]

1. d4 Nf6 2. Nc3 d5 3. Bf4 e6 4. Nb5 Bd6 5. Nxd6+ cxd6 6. e3 O-O 7. h3 Nc6 8. Nf3 Re8 9. Be2 e5 10. Bh2 Bf5 11. c3 h6 12. O-O Qb6 13. b4 a6 14. a4 e4 15. Nd2 Ne7 16. Qb3 Rec8 17. Rfc1 Qd8 18. c4 Be6 19. c5 dxc5 20. bxc5 Qd7 21. Rcb1 Ra7 22. Qb6 Nc6 23. Nb3 Qe8 24. Na5 Nd7 25. Nxc6 Nxb6 26. Nxa7 Nxa4 27. Nxc8 Bxc8 28. Ra3 Qc6 29. Bd1 Nxc5 30. dxc5 Qxc5 31. Ra4 b5 32. Rab4 Bd7 33. Be5 a5 34. Bd4 Qd6 35. Rxb5 Bxb5 36. Rxb5 Qa3 37. Be2 a4 38. Bf1 Qa2 39. Ra5 Qb3 40. Ra8+ Kh7 41. Ra7 Kg6 42. g3 a3 43. h4 h5 44. Ra6+ f6 45. Bg2 a2 46. Kh2 Qc2 47. Kg1 Kf7 48. Ra7+ Ke8 49. Bf1 Qb1 50. Ra8+ Kf7 51. Ra7+ Kg8 52. Kg2 Qb3 53. Kg1 Qb1 54. Ra5 Kf7 55. Kg2 Kg6 56. Kg1 Kf7 57. Ra7+ Ke6 58. Ra6+ Kf5 59. Ra5 Kg4 60. Kg2 g5 61. hxg5 fxg5 62. Be2+ Kf5 63. Rxd5+ Kg6 64. Rd6+ Kf7 65. Bxh5+ Ke7 66. Ra6 Kd7 67. Bg4+ Kc7 68. Ra7+ Kb8 69. Be6 g4 70. Rxa2 Kc7 71. Rb2 Qc1 72. Bxg4 Kd6 73. Rb6+ 1-0


[Site "https://www.chess.com"]

[Event "Titled Tuesday Blitz June 20 Late 2023"]
[White "O`Gorman, Tom"]
[Black "Simonian, Hrair"]
[WhiteFideId "2508249"]
[BlackFideId "13302337"]
[WhiteElo "2299"]
[BlackElo "2447"]
[Result "0-1"]
[Round "4"]
[TimeControl "180+2"]
[Date "2023.06.20"]
[WhiteClock "0:00:11"]
[BlackClock "0:00:09"]
[Board "44"]

1. e4 c5 2. Nf3 d6 3. c3 Nf6 4. Be2 g6 5. O-O Bg7 6. Bb5+ Nc6 7. d4 Qb6 8. Na3 O-O 9. Re1 cxd4 10. Nxd4 Bd7 11. Bf1 Rac8 12. Nc4 Qd8 13. f3 a6 14. Be3 b5 15. Nd2 Nxd4 16. cxd4 Qc7 17. Rc1 Qb7 18. Nb3 Be6 19. Na5 Qa8 20. d5 Bd7 21. Qd2 Nh5 22. Bd4 Nf6 23. Rxc8 Rxc8 24. h3 e5 25. Be3 Ne8 26. Rc1 f5 27. Rxc8 Qxc8 28. Qc1 Qd8 29. Nc6 Qh4 30. Bf2 Qf6 31. a4 bxa4 32. Bxa6 fxe4 33. fxe4 Qf7 34. Bb5 Nf6 35. Qe3 Nh5 36. Bxa4 Nf4 37. b4 Qe8 38. b5 Qa8 39. Qb3 Ne2+ 40. Kf1 Nd4 41. Bxd4 exd4 42. b6 Qa6+ 43. Bb5 Qa1+ 44. Kf2 Bc8 45. Ne7+ Kf7 46. Nxc8 d3 47. Qxd3 Bd4+ 48. Kg3 Be5+ 49. Kf2 Bd4+ 50. Ke2 Qb2+ 51. Qd2 Qxb5+ 52. Kf3 Qf1+ 53. Kg4 h5+ 54. Kg5 Qf6+ 55. Kh6 Qh8+ 56. Kg5 Qe5+ 57. Kh6 Qg7+ 58. Kg5 Bf6+ 59. Kf4 Qh6+ 60. Kf3 Qxd2 61. Nxd6+ Ke7 62. b7 Qd3+ 63. Kf2 Qb1 64. Nc4 Bd4+ 65. Kf3 Qxb7 66. e5 Qb3+ 0-1


[Site "https://www.chess.com"]

[Event "Titled Tuesday Blitz June 20 Late 2023"]
[White "Lorparizangeneh, Shahin"]
[Black "Shapiro, Viktor"]
[WhiteFideId "12521604"]
[BlackFideId "4175700"]
[WhiteElo "2526"]
[BlackElo "2212"]
[Result "1-0"]
[Round "4"]
[TimeControl "180+2"]
[Date "2023.06.20"]
[WhiteClock "0:01:13"]
[BlackClock "0:00:00"]
[Board "45"]

1. Nf3 Nf6 2. g3 g6 3. Bg2 Bg7 4. O-O O-O 5. d4 d6 6. Nc3 Nbd7 7. e4 e5 8. h3 exd4 9. Nxd4 Re8 10. Re1 Nc5 11. Bf4 a5 12. Qd2 Bd7 13. Rad1 a4 14. a3 Ra6 15. Bg5 Rb6 16. Nd5 Rxb2 17. Qc1 Ra2 18. Nb4 Ne6 19. Nxa2 Nxg5 20. Qxg5 Qa8 21. Nc3 h6 22. Qd2 Qa5 23. Nd5 Qc5 24. Nxf6+ Bxf6 25. Qe3 h5 26. Nf3 Qa5 27. Qf4 Kg7 28. e5 dxe5 29. Qb4 Qxb4 30. axb4 Bc6 31. Nd2 Bxg2 32. Kxg2 b5 33. Ne4 Be7 34. c3 Ra8 35. Rd7 1-0


[Site "https://www.chess.com"]

[Event "Titled Tuesday Blitz June 20 Late 2023"]
[White "Avila Pavas, Santiago"]
[Black "Manukyan, Artyom"]
[WhiteFideId "4437128"]
[BlackFideId "13305786"]
[WhiteElo "2449"]
[BlackElo "2078"]
[Result "1-0"]
[Round "4"]
[TimeControl "180+2"]
[Date "2023.06.20"]
[WhiteClock "0:01:38"]
[BlackClock "0:01:34"]
[Board "46"]

1. d4 d5 2. Nf3 Nf6 3. Bg5 Ne4 4. Bh4 Qd6 5. Nc3 Qh6 6. Nxd5 Na6 7. e3 Bg4 8. Bxa6 O-O-O 9. Bc4 Be6 10. Qd3 f5 11. Nf4 Bxc4 12. Qxc4 g5 13. Ne6 Rd7 14. Bxg5 Qg6 15. Ne5 1-0


[Site "https://www.chess.com"]

[Event "Titled Tuesday Blitz June 20 Late 2023"]
[White "Santos Ruiz, Miguel"]
[Black "Perske, Thore"]
[WhiteFideId "22291482"]
[BlackFideId "12902195"]
[WhiteElo "2499"]
[BlackElo "2336"]
[Result "1-0"]
[Round "4"]
[TimeControl "180+2"]
[Date "2023.06.20"]
[WhiteClock "0:01:04"]
[BlackClock "0:00:08"]
[Board "47"]

1. e4 e6 2. d4 d5 3. Nc3 Nf6 4. e5 Nfd7 5. f4 c5 6. Nf3 Nc6 7. Be3 Be7 8. Qd2 b6 9. h4 cxd4 10. Nxd4 Nxd4 11. Bxd4 Bxh4+ 12. g3 Bxg3+ 13. Kd1 Bh4 14. Nb5 Be7 15. Qg2 g6 16. Nd6+ Bxd6 17. exd6 f6 18. Bd3 Nf8 19. Bxg6+ Nxg6 20. Qxg6+ hxg6 21. Rxh8+ Kd7 22. Rxd8+ Kxd8 23. Bxf6+ Kd7 24. Be5 Kc6 25. a4 Bd7 26. Ra3 Rc8 27. Rg3 Be8 28. Kd2 d4 29. Rd3 Rd8 30. Rxd4 Rd7 31. b3 Rh7 32. Kc3 Rh3+ 33. Kb2 Rh2 34. Rc4+ Kd5 35. d7 Bxd7 36. Rd4+ Kc6 37. Rd6+ Kb7 38. Rxd7+ Ka6 39. Bb8 Rg2 40. Rxa7# 1-0


[Site "https://www.chess.com"]

[Event "Titled Tuesday Blitz June 20 Late 2023"]
[White "Tsaruk, Maksim"]
[Black "Brunner, Nicolas"]
[WhiteFideId "13511173"]
[BlackFideId "620246"]
[WhiteElo "2363"]
[BlackElo "2319"]
[Result "1-0"]
[Round "4"]
[TimeControl "180+2"]
[Date "2023.06.20"]
[WhiteClock "0:00:09"]
[BlackClock "0:00:00"]
[Board "48"]

1. Nf3 c5 2. g3 Nc6 3. Bg2 g6 4. O-O Bg7 5. c4 e5 6. Nc3 d6 7. d3 Nge7 8. a3 O-O 9. Rb1 a5 10. Ne1 Be6 11. Nc2 d5 12. cxd5 Nxd5 13. Bd2 Rb8 14. Ne3 Nde7 15. Ne4 b6 16. b4 axb4 17. axb4 Nxb4 18. Bxb4 cxb4 19. Rxb4 Nc6 20. Rb2 Nd4 21. Qb1 f5 22. Nc3 Kh8 23. Ned5 b5 24. e3 Nc6 25. Rxb5 Qd6 26. Rc1 Rfc8 27. Nb6 Rd8 28. Ncd5 Ne7 29. Nc4 Rxb5 30. Qxb5 Qd7 31. Qxd7 Rxd7 32. Ncb6 Ra7 33. Nxe7 Rxe7 34. Rc6 h5 35. h4 Kh7 36. Bd5 1-0


[Site "https://www.chess.com"]

[Event "Titled Tuesday Blitz June 20 Late 2023"]
[White "Mahdavi, Reza"]
[Black "Ozates, Tuna"]
[WhiteFideId "12595926"]
[BlackFideId "6354521"]
[WhiteElo "2395"]
[BlackElo "2151"]
[Result "1-0"]
[Round "4"]
[TimeControl "180+2"]
[Date "2023.06.20"]
[WhiteClock "0:01:13"]
[BlackClock "0:01:14"]
[Board "49"]

1. e4 e5 2. f4 exf4 3. Nf3 d5 4. exd5 Nf6 5. Bb5+ c6 6. dxc6 bxc6 7. Bc4 h6 8. Nc3 Bd6 9. Qe2+ Kf8 10. O-O Ba6 11. Bxa6 Qb6+ 12. Kh1 Nxa6 13. d4 Re8 14. Qf2 g5 15. b3 Ng4 16. Qd2 Ne3 17. Re1 Nc7 18. Qd3 Bb4 19. Bxe3 fxe3 20. Rxe3 Rxe3 21. Qxe3 Bxc3 22. Qxc3 Kg7 23. d5+ f6 24. Qxc6 Qxc6 25. dxc6 Re8 26. Rd1 Kg6 27. h3 Re2 28. Rd7 Ne6 29. c4 h5 30. Nd4 Re1+ 31. Kh2 Nf4 32. c7 g4 33. hxg4 hxg4 34. c8=Q 1-0


[Site "https://www.chess.com"]

[Event "Titled Tuesday Blitz June 20 Late 2023"]
[White "Tristan, Leonardo"]
[Black "De La Villa Garcia, Jesus Maria"]
[WhiteFideId "113816"]
[BlackFideId "2200040"]
[WhiteElo "2461"]
[BlackElo "2535"]
[Result "0-1"]
[Round "4"]
[TimeControl "180+2"]
[Date "2023.06.20"]
[WhiteClock "0:00:00"]
[BlackClock "0:01:39"]
[Board "50"]

1. d4 Nf6 2. Nf3 c5 3. c3 d5 4. Bf4 Nc6 5. e3 Qb6 6. Qc2 g6 7. Nbd2 Bf5 8. dxc5 Qxc5 9. Qb3 Qb6 10. Qxb6 axb6 11. Bb5 Bg7 12. h3 O-O 13. O-O Rfc8 14. Rfe1 Nd7 15. e4 dxe4 16. Nxe4 Bxe4 17. Rxe4 Nc5 18. Re2 Nb3 19. Rae1 Rxa2 20. Bxc6 bxc6 21. Rxe7 Bf6 22. Rb7 b5 23. Be5 Nc5 24. Rb6 Bd8 25. Rb8 Rxb8 26. Bxb8 Bf6 27. Re8+ Kg7 28. Rc8 Rxb2 29. Rxc6 Ne4 30. Ba7 Nxc3 31. Kh2 b4 32. g4 Ne4 33. Kg2 b3 34. h4 Rc2 35. g5 Rxc6 0-1


[Site "https://www.chess.com"]

[Event "Titled Tuesday Blitz June 20 Late 2023"]
[White "Badelka, Olga"]
[Black "Oro, Faustino"]
[WhiteFideId "13509926"]
[BlackFideId "20000197"]
[WhiteElo "2375"]
[BlackElo "1984"]
[Result "0-1"]
[Round "4"]
[TimeControl "180+2"]
[Date "2023.06.20"]
[WhiteClock "0:00:01"]
[BlackClock "0:00:07"]
[Board "51"]

1. c4 Nf6 2. Nc3 e5 3. g3 Bb4 4. Qc2 O-O 5. Bg2 c6 6. a3 Be7 7. e4 Na6 8. d3 Nc7 9. Nf3 d6 10. O-O Re8 11. d4 exd4 12. Nxd4 Bf8 13. Bf4 Ne6 14. Nxe6 Bxe6 15. b3 Qa5 16. Rfd1 Rad8 17. Ne2 d5 18. b4 Qa6 19. b5 Qa5 20. bxc6 bxc6 21. Nd4 dxc4 22. Nxe6 Rxd1+ 23. Rxd1 Rxe6 24. Qxc4 Qxa3 25. e5 Nd5 26. Bxd5 cxd5 27. Rxd5 h6 28. Rd8 Qe7 29. Qc8 a5 30. Rd7 Qb4 31. Qc7 Qb1+ 32. Kg2 Qe4+ 33. Kg1 g5 34. Rxf7 gxf4 35. Rxf4 Qg6 36. Qc8 Re8 37. Qc4+ Kh8 38. h4 Bg7 39. e6 Rxe6 40. Qc8+ Kh7 41. Qa8 Re5 42. Kg2 Rc5 43. Kh2 h5 44. Qa7 Re5 45. Qa8 Rf5 46. Ra4 Rxf2+ 47. Kh1 Qb1# 0-1


[Site "https://www.chess.com"]

[Event "Titled Tuesday Blitz June 20 Late 2023"]
[White "FoxOnTheRun97"]
[Black "Darini, Pouria"]
[BlackFideId "12502200"]
[WhiteElo "2532"]
[BlackElo "2482"]
[Result "0-1"]
[Round "4"]
[TimeControl "180+2"]
[Date "2023.06.20"]
[WhiteClock "0:00:06"]
[BlackClock "0:00:19"]
[Board "52"]

1. Nf3 Nf6 2. g3 g6 3. Bg2 Bg7 4. O-O O-O 5. c4 c6 6. Nc3 d6 7. d3 a5 8. e4 Bg4 9. Be3 c5 10. Qd2 Bxf3 11. Bxf3 Nc6 12. Bh6 Bxh6 13. Qxh6 e6 14. Bg2 Ng4 15. Qd2 Nd4 16. h3 Ne5 17. f4 Nec6 18. f5 Qf6 19. Rf4 Qg5 20. Qf2 Ne5 21. Rd1 gxf5 22. exf5 exf5 23. Nd5 Kh8 24. h4 Qg7 25. Bh3 Rg8 26. Kh2 Ne2 27. Ne7 Qxg3+ 28. Qxg3 Rxg3 29. Nxf5 Rxh3+ 30. Kxh3 Nxf4+ 31. Kg3 Nfxd3 32. Nxd6 Rg8+ 33. Kh2 Nf3+ 34. Kh1 Nf2# 0-1


[Site "https://www.chess.com"]

[Event "Titled Tuesday Blitz June 20 Late 2023"]
[White "Dushyant Sharma"]
[Black "Velikanov, Alexander"]
[WhiteFideId "25065130"]
[BlackFideId "2039290"]
[WhiteElo "2198"]
[BlackElo "2259"]
[Result "1-0"]
[Round "4"]
[TimeControl "180+2"]
[Date "2023.06.20"]
[WhiteClock "0:00:06"]
[BlackClock "0:00:00"]
[Board "53"]

1. e4 e6 2. d4 d5 3. exd5 exd5 4. Bd3 Nf6 5. Nf3 c5 6. c3 Nc6 7. O-O Be7 8. Be3 c4 9. Bc2 Bg4 10. Nbd2 b5 11. Qb1 Qc7 12. b3 O-O 13. Re1 b4 14. Ne5 bxc3 15. Ndf3 Bxf3 16. Nxf3 Nb4 17. bxc4 dxc4 18. Bg5 Rab8 19. Bxh7+ Kh8 20. Qf5 Nxh7 21. Bxe7 Rfc8 22. Ne5 Rf8 23. Nxf7+ Kg8 24. Bxf8 Rxf8 25. Qb5 Nc2 26. Ne5 Nxa1 27. Qd5+ Rf7 28. Nxf7 Qxf7 29. Qd8+ Nf8 30. Rxa1 Qf5 31. Rc1 Qd3 32. Qe7 Qd2 33. Qe3 Qxa2 34. Qxc3 Kh7 35. Qxc4 Qb2 36. Qc2+ 1-0


[Site "https://www.chess.com"]

[Event "Titled Tuesday Blitz June 20 Late 2023"]
[White "Veiga, Jose Francisco R P Neves"]
[Black "Krsnik Cohar, Ivan Vihor"]
[WhiteFideId "1930087"]
[BlackFideId "14520044"]
[WhiteElo "2319"]
[BlackElo "2414"]
[Result "0-1"]
[Round "4"]
[TimeControl "180+2"]
[Date "2023.06.20"]
[WhiteClock "0:01:01"]
[BlackClock "0:00:12"]
[Board "54"]

1. e4 c5 2. Nf3 g6 3. d4 cxd4 4. Nxd4 Nf6 5. e5 Nd5 6. c4 Nc7 7. Nc3 Bg7 8. f4 d6 9. exd6 Qxd6 10. Ndb5 Nxb5 11. Nxb5 Qxd1+ 12. Kxd1 Na6 13. Bd3 O-O 14. a3 Nc5 15. Bc2 Rd8+ 16. Ke2 Bg4+ 17. Ke3 a6 18. h3 axb5 19. hxg4 bxc4 20. Rd1 Rxd1 21. Bxd1 Rd8 22. Be2 b5 23. Rb1 Nb3 24. a4 Nxc1 25. Rxc1 Bxb2 26. Rc2 Bd4+ 27. Kf3 bxa4 28. Bxc4 a3 29. Rd2 Rd6 30. Rd3 Bc5 31. Rxd6 Bxd6 32. f5 Kg7 33. fxg6 hxg6 34. g5 Bb4 35. Kg4 Bd2 36. Ba2 Kf8 37. Bb3 e6 38. Kf3 Bxg5 39. Ke4 Ke7 40. Kd3 Bf4 41. Ke4 Bd6 42. g4 f5+ 43. gxf5 exf5+ 44. Kd4 Kf6 45. Kd5 Bf8 46. Kd4 g5 47. Ke3 g4 48. Ba2 Ke5 49. Bb3 f4+ 50. Kf2 Bc5+ 51. Kg2 Kd4 52. Be6 Kc3 53. Kf1 Kb2 54. Bxg4 a2 55. Bd1 a1=Q 56. Ke1 f3 57. Kd2 Bb4+ 58. Kd3 Qxd1+ 59. Ke3 Qe2+ 60. Kf4 f2 61. Kg3 f1=Q 62. Kh4 Qh2+ 63. Kg4 Qhg2+ 64. Kh5 Qfh1# 0-1


[Site "https://www.chess.com"]

[Event "Titled Tuesday Blitz June 20 Late 2023"]
[White "Daggupati, Balaji"]
[Black "Keleberda, Tymur"]
[WhiteFideId "2090759"]
[BlackFideId "14174294"]
[WhiteElo "2707"]
[BlackElo "2198"]
[Result "0-1"]
[Round "4"]
[TimeControl "180+2"]
[Date "2023.06.20"]
[WhiteClock "0:00:45"]
[BlackClock "0:00:48"]
[Board "55"]

1. e4 c5 2. Nf3 d6 3. d4 cxd4 4. Nxd4 Nf6 5. Nc3 a6 6. Qe2 e5 7. Nf5 g6 8. Ne3 Be6 9. g3 Nbd7 10. Bg2 Bg7 11. O-O O-O 12. f4 Nc5 13. b4 exf4 14. gxf4 Nfxe4 15. Nxe4 Nxe4 16. Bxe4 Bxa1 17. f5 Qh4 18. Ng2 Bd4+ 19. Kh1 Bc4 20. Qxc4 Qxe4 21. c3 Rac8 22. Qxd4 Qxd4 23. cxd4 f6 24. fxg6 hxg6 25. Nf4 Kf7 26. d5 Rh8 27. Be3 Rc2 28. Ng2 Rh5 29. Bd4 Rxd5 30. Bxf6 Rf5 31. Rxf5 Rc1+ 0-1


[Site "https://www.chess.com"]